 Dungeon Crawl Stone Soup version 0.26.0-15-gc6cd9f7 (webtiles) character file.

Game seed: 13641958386612603273

5817 HarleyF the Grappler (level 10, 0/89 (92) HPs)
             Began as a Troll Fighter on Jan 16, 2021.
             Was a Believer of Trog.
             Slain by a two-headed ogre
             ... wielding a +0 giant club
              (29 damage)
             ... on level 9 of the Dungeon on Jan 28, 2021.
             The game lasted 00:34:27 (9174 turns).

HarleyF the Grappler (Troll Fighter)                Turns: 9174, Time: 00:34:28

HP:   0/89 (92)     AC:  4    Str: 27    XL:     10   Next: 51%
MP:   9/9           EV: 11    Int:  4    God:    Trog [**....]
Gold: 461           SH: 10    Dex: 11    Spells: 9/9 levels left

rFire    . . .     SeeInvis .     - Unarmed
rCold    . . .     Faith    .   b - +0 kite shield
rNeg     . . .     Spirit   .   a - +1 robe
rPois    .         Reflect  .   (helmet restricted)
rElec    .         Harm     .   j - +0 cloak
rCorr    .         Rampage  .   (gloves unavailable)
Will     .....                  (boots unavailable)
Stlth    ++........             (no amulet)
HPRegen  0.64/turn              (no ring)
MPRegen  0.11/turn              (no ring)

@: corroded, lightly drained
A: large, unfitting armour, claws 3, regeneration 1, shaggy fur 1, tough skin 3
a: Renounce Religion, Berserk, Trog's Hand


You were on level 9 of the Dungeon.
You worshipped Trog.
Trog was pleased with you.
You visited 1 branch of the dungeon, and saw 9 of its levels.

You collected 483 gold pieces.
You spent 22 gold pieces at shops.

Inventory:

Armour
 a - a +1 robe (worn)
 b - a +0 kite shield (worn)
 j - a +0 cloak (worn)
Jewellery
 o - a +4 ring of protection {unknown}
Wands
 t - a wand of acid (9) (quivered)
 u - a wand of digging (5)
Scrolls
 f - 8 scrolls of teleportation
 g - 9 scrolls of identify
 l - 3 scrolls of magic mapping
 m - 8 scrolls of remove curse
 p - a scroll of enchant armour
 q - 2 scrolls of noise
 v - a scroll of enchant weapon
Potions
 c - 3 potions of might
 d - 2 potions of lignification
 e - 3 potions of flight
 h - a potion of mutation {unknown}
 i - a potion of invisibility
 k - 2 potions of magic
 n - a potion of brilliance
 r - a potion of cancellation {unknown}
 s - a potion of curing
Miscellaneous
 x - a phial of floods


   Skills:
 + Level 4.0 Fighting
 + Level 6.4 Dodging
 + Level 2.5 Stealth
 + Level 6.3 Shields
 + Level 11.0 Unarmed Combat


You had 9 spell levels left.
You didn't know any spells.
Your spell library was empty.

Dungeon Overview and Level Annotations

Branches:
Dungeon (9/15)             Temple (0/1) D:5
   Lair: D:8-11         Orc: D:9-12

Altars:
Dithmenos
Hepliaklqana
Makhleb
Okawaru
Qazlal
Trog
Zin

Shops:
D:5 *   D:6 *

Annotations:
D:6 1 runed translucent door, Crazy Yiuf


Innate Abilities, Weirdness & Mutations

You are too large for most types of armour.
You have claws for hands.
Your natural rate of healing is unusually fast.
You are covered in fur. (AC +1)
You have extremely tough skin. (AC +3)


Message History

Items here: )))) [[[ †.
The two-headed ogre hits you with a +0 giant club!!
You block the two-headed ogre's attack. The jelly closely misses you.
There is an open door, spattered with blood here.
Items here: )))) [[[ †.
You claw the jelly! The acid corrodes you!
Your claws burn!
The jelly is severely wounded.
You block the jelly's attack. You block the two-headed ogre's attack.
The two-headed ogre hits you with a +0 giant spiked club!!
You claw the jelly!
You kill the jelly!
Trog accepts your kill.
The two-headed ogre hits you with a +0 giant club!
You block the two-headed ogre's attack.
Things that are here:
a +0 ring mail; an orc corpse You scratch the two-headed ogre but do no damage.
You block the two-headed ogre's attack.
The two-headed ogre hits you with a +0 giant spiked club!!
You die...

################
#########...............
#.......#..............<
#..)...@)...>.).........
.#......O#)..............
...'.......#...............
#...##......#.....##########
#...##......#.....# #
.............#.....# # ...
.........#.....# # ...
.........#..(..# #
.........#.....# #


You could see a two-headed ogre.

Vanquished Creatures
  Erica (D:8)
  Pikel (D:4)
  Joseph (D:7)
  Grinder (D:4)
  A hornet (D:9)
  Prince Ribbit (D:7)
  A human (D:9)
  Eustachio (D:4)
  A warg (D:9)
  A water moccasin (D:8)
  An ice beast (D:8)
  A phantom (D:5)
  A black bear (D:6)
  An orc warrior (D:9)
  An eye of draining (D:7)
  A sky beast (D:8)
  3 necrophages
  3 ogres
  A centaur (D:7)
  2 lemures (D:4)
  Blork the orc (D:6)
  7 bullfrogs
  A gnoll sergeant (D:8)
  3 scorpions
  3 killer bees (D:7)
  5 wights (D:9)
  3 hounds (D:5)
  3 jellies
  An orc priest (D:9)
  4 orc wizards
  A bullfrog skeleton (D:4)
  A centaur skeleton (D:5)
  An iguana (D:5)
  9 worker ants
  4 hound zombies
  Robin (D:3)
  A howler monkey zombie (D:8)
  3 worker ant zombies
  12 adders
  6 gnolls
  2 shadow imps
  2 white imps
  An ufetubus (D:5)
  2 adder skeletons
  3 worms
  7 dart slugs
  9 leopard geckos
  25 orcs
  6 bats
  6 giant cockroaches
  11 goblins
  9 hobgoblins
  18 jackals
  3 quokkas
  2 ball pythons
  3 frilled lizards
  A jackal skeleton (D:4)
  5 kobolds
  A quokka skeleton (D:4)
  5 rats
  8 bushes (D:3)
224 creatures vanquished.

Vanquished Creatures (others)
  A leopard gecko (D:2)
  2 fungi (D:6)
  11 plants (D:3)
14 creatures vanquished.

Grand Total: 238 creatures vanquished

Notes
Turn   | Place    | Note
-------+----------+-------------------------------------------
     0 | D:1      | HarleyF the Troll Fighter began the quest for the Orb.
     0 | D:1      | Reached XP level 1. HP: 22/22 MP: 0/0
   238 | D:1      | Reached XP level 2. HP: 29/29 MP: 1/1
   973 | D:2      | Reached XP level 3. HP: 34/36 MP: 2/2
  1000 | D:2      | Reached XP level 4. HP: 25/44 MP: 3/3
  1216 | D:2      | Reached skill level 3 in Unarmed Combat
  1262 | D:2      | Found a stormy altar of Qazlal.
  1400 | D:2      | Found a burning altar of Makhleb.
  1827 | D:3      | Reached XP level 5. HP: 52/52 MP: 4/4
  2740 | D:3      | Noticed Robin
  2756 | D:3      | Killed Robin
  3509 | D:4      | Noticed Eustachio
  3567 | D:4      | Killed Eustachio
  3568 | D:4      | Reached skill level 4 in Unarmed Combat
  3568 | D:4      | Reached XP level 6. HP: 53/59 MP: 5/5
  3860 | D:4      | Noticed Grinder
  3875 | D:4      | Paralysed by Grinder for 4 turns
  3886 | D:4      | Killed Grinder
  3887 | D:4      | Reached skill level 5 in Unarmed Combat
  3887 | D:4      | Reached XP level 7. HP: 47/66 MP: 6/6
  4078 | D:4      | Noticed Pikel
  4102 | D:4      | Killed Pikel
  4103 | D:4      | Reached skill level 1 in Stealth
  4103 | D:4      | Reached skill level 6 in Unarmed Combat
  4103 | D:4      | Reached XP level 8. HP: 70/75 MP: 7/7
  4525 | D:5      | Entered Level 5 of the Dungeon
  4595 | D:5      | Reached skill level 7 in Unarmed Combat
  4631 | D:5      | Found Zin's Purification Station.
  4700 | D:5      | Found a glowing silver altar of Zin.
  4984 | D:5      | Found a bloodstained altar of Trog.
  4989 | D:5      | Became a worshipper of Trog the Wrathful
  5031 | D:5      | Found a staircase to the Ecumenical Temple.
  5097 | D:5      | Reached skill level 5 in Dodging
  5212 | D:6      | Reached skill level 8 in Unarmed Combat
  5268 | D:6      | Noticed Blork the orc
  5298 | D:6      | Reached skill level 5 in Shields
  5304 | D:6      | Killed Blork the orc
  5305 | D:6      | Reached XP level 9. HP: 50/83 MP: 8/8
  5395 | D:6      | Found Situtzysh's General Store.
  5578 | D:6      | Found an iron altar of Okawaru.
  5803 | D:6      | Found a runed translucent door.
  5804 | D:6      | Noticed Crazy Yiuf
  6047 | D:6      | Bought a scroll of identify for 22 gold pieces
  6261 | D:7      | Noticed Prince Ribbit
  6279 | D:7      | Killed Prince Ribbit
  6414 | D:7      | Reached skill level 9 in Unarmed Combat
  6578 | D:7      | Reached * piety under Trog
  6678 | D:7      | Noticed Joseph
  6690 | D:7      | Killed Joseph
  7170 | D:8      | Noticed Erica
  7191 | D:8      | Killed Erica
  7192 | D:8      | Reached skill level 10 in Unarmed Combat
  7192 | D:8      | Reached XP level 10. HP: 61/92 MP: 9/9
  7343 | D:8      | Found a hazy altar of Hepliaklqana.
  7344 | D:8      | Found a shadowy altar of Dithmenos.
  8801 | D:9      | Reached ** piety under Trog
  9048 | D:9      | Reached skill level 11 in Unarmed Combat
  9147 | D:9      | Noticed a two-headed ogre
  9174 | D:9      | Slain by a two-headed ogre

Illustrated notes

Levels and vault maps discovered:
D:1:      grunt_arrival_crossed_arrows, layout_loops_ring, minivault_5
D:2:      layout_basic, bloody_makhleb, chequers_serial_rivers_micro_a,
          nicolae_qazlal_general_emergency
D:3:      layout_basic, serial_forest, infiniplex_forest_straight_2,
          infiniplex_forest_straight_4, infiniplex_forest_clump_C,
          infiniplex_forest_end_1, infiniplex_forest_end_2,
          infiniplex_forest_straight_5, infiniplex_forest_zigzag_1,
          infiniplex_forest_lined_2, uniq_robin
D:4:      layout_loops_ring, uniq_grinder, uniq_pikel, uniq_eustachio
D:5:      layout_rooms, zin_purify, lightli_temple_of_fire,
          lemuel_temple_firewalk_a, item_on_display_a
D:6:      layout_basic, okawaru_ov_weapons_minmay, serial_shops,
          kennysheep_little_box, uniq_blork_the_orc, uniq_crazy_yiuf_cottage
D:7:      layout_basic, chequers_serial_rivers_room_b, uniq_joseph,
          uniq_prince_ribbit1
D:8:      layout_layer_cave, riverfiend_overflow_shadow_ancestor,
          grunt_decor_one_mirror, uniq_erica
D:9:      layout_gridville, erik_orc_4, minmay_misc_feat_alley

Skill      XL: |  1  2  3  4  5  6  7  8  9 10 |
---------------+-------------------------------+-----
Dodging        | 3 4 5 6 |  6.4
Shields        | 3 4 5 6 |  6.3
Unarmed Combat | 3 4 5 6 8 10 11 | 11.0
Fighting       | 3 4 |  4.0
Stealth        | 1 2 |  2.5

Action                   |  1- 3 |  4- 6 |  7- 9 | 10-12 || total
-------------------------+-------+-------+-------+-------++-------
Melee: Unarmed           |    63 |   552 |   265 |   155 ||  1035
  Use: Scroll            |     5 |     4 |     4 |     1 ||    14
       Potion            |       |     2 |     9 |     3 ||    14
 Stab: Sleeping          |       |       |     2 |       ||     2
Armor: Robe              |    26 |   102 |    55 |    37 ||   220
Dodge: Dodged            |    25 |    97 |    97 |    70 ||   289
Block: Kite shield       |    40 |   132 |   103 |    86 ||   361
